 Dungeon Crawl Stone Soup version 0.21.1-1-g345015f (webtiles) character file.

97 Iko the Skirmisher (level 4, -5/49 HPs)
             Began as an Octopode Abyssal Knight on May 27, 2018.
             Was a Believer of Lugonu.
             Slain by Zorot's ghost (7 damage)
             ... on level 6 of the Dungeon.
             The game lasted 00:06:21 (658 turns).

Iko the Skirmisher (Octopode Abyssal Knight)         Turns: 658, Time: 00:06:21

Health: -5/49      AC: 22    Str: 12    XL:     4   Next: 68%
Magic:  5/5        EV:  2    Int: 14    God:    Lugonu [**....]
Gold:   38         SH:  0    Dex: 11    Spells: 3/3 levels left

rFire    . . .     SeeInvis .   c - +1 dagger (drain)
rCold    . . .     Gourm    .   (no shield)
rNeg     + + +     Faith    .   (helmet currently unavailable)
rPois    +         Spirit   .   (no amulet)
rElec    .         Reflect  .   (no ring)
rCorr    .         Harm     .   (no ring)
MR       .....     NoTele   +   (no ring)
Stlth    ++........             (no ring)
HPRegen  0.16/turn              (no ring)
MPRegen  0.09/turn              (no ring)
                                (no ring)
                                (no ring)

@: tree-form
A: almost no armour, stealthy swim, (amphibious), 8 rings, (constrict 8)
a: Depart the Abyss, Bend Space, Renounce Religion


You were on level 6 of the Dungeon.
You worshipped Lugonu.
Lugonu was pleased with you.
You were not hungry.
You were a tree.
You visited 1 branch of the dungeon, and saw 6 of its levels.
You visited the Abyss 1 time.

You collected 38 gold pieces.

Inventory:

Hand Weapons
 a - a +1 short sword
 c - a +1 dagger of draining (weapon)
Scrolls
 e - a scroll of fear
 f - 2 scrolls of identify
Comestibles
 b - 2 rations


   Skills:
 + Level 3.8 Fighting
 + Level 3.1 Short Blades
 + Level 3.1 Dodging
 + Level 1.1 Stealth
 + Level 2.2 Invocations


You had 3 spell levels left.
You didn't know any spells.

Dungeon Overview and Level Annotations

Branches:
Dungeon (6/15)
 Temple: D:4-7

Altars:
Dithmenos
Sif Muna

Annotations:
D:6 Zorot's ghost, novice VSGl


Innate Abilities, Weirdness & Mutations

You cannot wear most types of armour.
You are very stealthy in the water. (Stealth+)
((You are amphibious.))
You can wear up to eight rings at the same time.
((You can use your tentacles to constrict eight enemies at once.))
((Your skin changes colour to match your surroundings (Stealth+).))
((Your rubbery body absorbs attacks. (AC +1, EV +1)))


Message History

You swing at nothing.
The adder bites you but does no damage. Something hits you but does no damage.
The orc hits you.
* * * LOW HITPOINT WARNING * * *
The orc hits you but does no damage.
You barely miss the adder. The orc barely misses you.
The adder bites you but does no damage.
Zorot's ghost hits you but does no damage.
The orc hits you.
* * * LOW HITPOINT WARNING * * *
Something hits you but does no damage.
You swing at nothing.
The adder barely misses you. The orc hits you but does no damage.
Zorot's ghost hits you but does no damage.
The orc hits you but does no damage.
You closely miss the orc.
You feel less confused. The adder bites you but does no damage.
Something hits you.
* * * LOW HITPOINT WARNING * * *
The orc hits you but does no damage. Zorot's ghost hits you!
You die...

##...##
#.....#
#.....#
#.....#
#....<#
#.....# #
##...##
#...##oo.#
#....Z{♣.#
#.....oWS#
#........#
#'#####'##
. ... ...
... .....


You could see Zorot's ghost, an adder, 3 orcs and a quokka skeleton.

Vanquished Creatures
  A worker ant (D:4)
  A hound skeleton (D:6)
  2 adders
  2 worms
  A dart slug (D:1)
  A leopard gecko (D:3)
  3 orcs (D:6)
  A giant cockroach (D:1)
  3 goblins
  2 hobgoblins
  2 quokkas
  3 bats
  5 kobolds
  A quokka zombie (D:5)
  5 rats
33 creatures vanquished.

Notes
Turn   | Place    | Note
-------+----------+-------------------------------------------
     0 | Abyss:1  | Iko the Octopode Abyssal Knight began the quest for the Orb.
     0 | Abyss:1  | Reached XP level 1. HP: 16/16 MP: 2/2
     7 | D:1      | Escaped the Abyss
   193 | D:1      | Reached XP level 2. HP: 13/21 MP: 3/3
   338 | D:2      | Reached XP level 3. HP: 16/26 MP: 4/4
   396 | D:2      | Found a shadowy altar of Dithmenos.
   453 | D:3      | Reached ** piety under Lugonu
   468 | D:3      | Found a deep blue altar of Sif Muna.
   521 | D:4      | Reached XP level 4. HP: 9/33 MP: 5/5
   569 | D:5      | Entered Level 5 of the Dungeon
   620 | D:6      | Reached skill level 1 in Stealth
   642 | D:6      | Noticed Zorot's ghost (novice VSGl)
   658 | D:6      | HP: 2/49 [something (1)]
   658 | D:6      | Slain by Zorot's ghost

Skill      XL: |  1  2  3  4 |
---------------+-------------+-----
Dodging        | 3 |  3.1
Short Blades   | 3 |  3.1
Stealth        | 1 |  1.1
Fighting       | |  3.8
Invocations    | |  2.2

Action                   |  1- 3 |  4- 6 || total
-------------------------+-------+-------++-------
Melee: Short sword       |    29 |       ||    29
       Constrict         |    20 |     4 ||    24
       Tentacles         |     9 |     3 ||    12
       Dagger            |    34 |    33 ||    67
  Use: Scroll            |     4 |     1 ||     5
       Potion            |     2 |     1 ||     3
 Stab: Sleeping          |     3 |     1 ||     4
Armor: Skin              |     2 |    59 ||    61
Dodge: Dodged            |    42 |    19 ||    61
